 Dungeon Crawl Stone Soup version 0.21.1-1-g345015f (webtiles) character file.

63 Fang the Skirmisher (level 4, -3/29 HPs)
             Began as a Gargoyle Berserker on May 11, 2018.
             Was a Believer of Trog.
             Slain by a gnoll
             ... wielding a +1 spear of pain
              (4 damage)
             ... on level 2 of the Dungeon.
             The game lasted 00:01:09 (926 turns).

Fang the Skirmisher (Gargoyle Berserker)             Turns: 926, Time: 00:01:10

Health: -3/29      AC:  9    Str: 22    XL:     4   Next: 10%
Magic:  4/4        EV: 11    Int:  7    God:    Trog [**....]
Gold:   43         SH:  0    Dex:  9    Spells: 3/3 levels left

rFire    . . .     SeeInvis .   a - +0 hand axe
rCold    . . .     Gourm    .   (no shield)
rNeg     + . .     Faith    .   f - +0 ring mail (curse)
rPois    ∞         Spirit   .   (no helmet)
rElec    +         Reflect  .   (no cloak)
rCorr    +         Harm     .   (no gloves)
MR       .....                  (no boots)
Stlth    ..........             n - amulet of rage
HPRegen  0.09/turn              e - ring of flight
MPRegen  0.09/turn              l - ring of resist corrosion

@: berserk cooldown, slowed, very slow
A: negative energy resistance 1, electricity resistance, unbreathing,
petrification resistance, rot immunity, AC +3
a: Berserk, Trog's Hand, Burn Spellbooks, Renounce Religion, Evoke Berserk Rage,
Evoke Flight


You were on level 2 of the Dungeon.
You worshipped Trog.
Trog was pleased with you.
You were very hungry.

You visited 1 branch of the dungeon, and saw 2 of its levels.

You collected 43 gold pieces.

Inventory:

Hand Weapons
 a - a +0 hand axe (weapon)
Armour
 b - a +0 animal skin
 f - a cursed +0 ring mail (worn)
Jewellery
 e - a ring of flight (left hand)
 l - a ring of resist corrosion (right hand)
 n - an amulet of rage (around neck)
Scrolls
 d - a scroll of fog {unknown}
 j - a scroll of identify {unknown}
 k - a scroll of remove curse {unknown}
Potions
 g - a potion of invisibility {unknown}
 h - a potion of degeneration {unknown}
 i - a potion of mutation {unknown}
 m - a potion of heal wounds {unknown}
Comestibles
 c - a ration


   Skills:
 + Level 3.9 Fighting
 + Level 3.5 Axes
 + Level 2.6 Armour
 + Level 1.9 Dodging


You had 3 spell levels left.
You didn't know any spells.

Dungeon Overview and Level Annotations

Branches:
Dungeon (2/15)

Altars:


Innate Abilities, Weirdness & Mutations

You are resistant to torment.
Your stone body is resilient. (AC +3)
You are immune to poison.
You resist negative energy. (rN+)
You are resistant to electric shocks. (rElec)
You can survive without breathing.
You are immune to petrification.
You are immune to rotting.


Message History

You feel stronger. The gnoll misses you.
The gnoll hits you from afar with a spear of pain.
* * * LOW HITPOINT WARNING * * *
You are no longer berserk.
You are exhausted.
You feel yourself slow down. The gnoll hits you with a spear.
* * * LOW HITPOINT WARNING * * *
The gnoll hits you with a spear of pain.
* * * LOW HITPOINT WARNING * * *
Things that are here:
a whip; a club; a stone You hit the gnoll but do no damage.
You closely miss the gnoll. The gnoll hits you but does no damage.
The gnoll closely misses you.
Unknown command.
You hit the gnoll.
The gnoll is lightly wounded.
You hit the gnoll. The gnoll hits you but does no damage.
The gnoll hits you with a spear of pain.
You die...

## .. .
#.####### ..
#.#.#.#.#
#.##.......
#....#.#g#!#...
#..)@g...#
#.#<#.#.##
#........#
#.#^#.#.##
........... ###
....#####
#.##.# #. .# ..
.#


You could see 2 gnolls.

Vanquished Creatures
  2 gnolls (D:2)
  2 oozes (D:1)
  An adder zombie (D:2)
  3 dart slugs (D:1)
  2 giant cockroaches (D:1)
  3 goblins (D:1)
  3 hobgoblins (D:1)
  2 jackals (D:1)
  4 frilled lizards (D:1)
  2 kobolds
  6 rats (D:1)
30 creatures vanquished.

Notes
Turn   | Place    | Note
-------+----------+-------------------------------------------
     0 | D:1      | Fang the Gargoyle Berserker began the quest for the Orb.
     0 | D:1      | Reached XP level 1. HP: 14/14 MP: 1/1
   105 | D:1      | Reached XP level 2. HP: 11/19 MP: 2/2
   455 | D:1      | Reached XP level 3. HP: 24/24 MP: 3/3
   923 | D:2      | Reached ** piety under Trog
   923 | D:2      | Reached XP level 4. HP: 6/29 MP: 4/4
   924 | D:2      | HP: 1/29 [gnoll/spear of pain (1)]
   926 | D:2      | Slain by a gnoll

Skill      XL: |  1 |
---------------+----+-----
Axes           | 3 |  3.5
Fighting       | |  3.9
Armour         | |  2.6
Dodging        | |  1.9

Action                   |  1- 3 |  4- 6 || total
-------------------------+-------+-------++-------
Melee: Hand axe          |    86 |     2 ||    88
Invok: Berserk           |     1 |       ||     1
Armor: Animal skin       |     9 |       ||     9
       Ring mail         |    27 |     2 ||    29
Dodge: Dodged            |    40 |     2 ||    42
